 Dungeon Crawl Stone Soup version 0.30.0-20-g3615ddf2f0 (webtiles) character file.

Game seed: 15428155253577163022

1292 qw the Cleaver (level 8, -5/49 HPs)
             Began as a Gargoyle Fighter on May 28, 2023.
             Slain by an ogre
             ... wielding a +0 giant spiked club
              (15 damage)
             ... on level 4 of the Dungeon.
             The game lasted 00:02:56 (3487 turns).

qw the Cleaver (Gargoyle Fighter)                   Turns: 3487, Time: 00:02:56

Health: -5/49      AC: 18    Str: 22    XL:     8   Next: 56%
Magic:  8/8        EV:  8    Int:  9    God:
Gold:   43         SH:  4    Dex:  9    Spells: 7/7 levels left

rFire   . . .        Y - +0 war axe (freeze)
rCold   + + .        c - +0 buckler
rNeg    + . .        m - +0 chain mail
rPois   inf          g - +1 helmet
rElec   +            (no cloak)
rCorr   .            (no gloves)
SInv    .            n - +0 pair of boots
Will    .....        j - amulet of the acrobat Stlth
                     k - ring of protection from cold
HPRegen 0.28/turn    p - ring of protection from cold
MPRegen 0.11/turn

%: acrobat
@: about to teleport
A: sickness immunity, AC +5, negative energy resistance 1, electricity
resistance, torment resistance 1, petrification resistance
a: no special abilities


You were on level 4 of the Dungeon.
You visited 1 branch of the dungeon, and saw 6 of its levels.
You also visited: Ossuary.

You collected 244 gold pieces.
You spent 201 gold pieces at shops.


Innate Abilities, Weirdness & Mutations

You are immune to sickness and miasma.
Your stone body is resilient. (AC +5)
You are immune to poison.
You resist negative energy. (rN+)
You are resistant to electric shocks. (rElec)
You are resistant to unholy torment.
You are immune to petrification.


   Skills:
 + Level 5.3 Fighting
 - Level 8.0 Axes
 - Level 4.3 Armour
 - Level 2.0 Dodging
 - Level 3.2 Shields


You had 7 spell levels left.
You didn't know any spells.
Your spell library was empty.

Inventory:

Hand Weapons
 s - a +1 flail of protection
 Y - a +0 war axe of freezing (weapon)
Armour
 c - a +0 buckler (worn)
 g - a +1 helmet (worn)
 m - a +0 chain mail (worn)
 n - a +0 pair of boots (worn)
 q - a +0 kite shield
Jewellery
 j - an amulet of the acrobat (around neck)
 k - a ring of protection from cold (left hand)
 p - a ring of protection from cold (right hand)
Scrolls
 b - 3 scrolls of identify
 l - a scroll of blinking {unknown}
 t - a scroll of immolation {unknown}
 u - a scroll of noise {unknown}
Potions
 d - 3 potions of might
 e - a potion of attraction
 f - 2 potions of heal wounds
 h - 3 potions of lignification
 i - 2 potions of curing
 o - a potion of resistance {unknown}
 r - a potion of haste

Dungeon Overview and Level Annotations

Branches:
Dungeon (6/15)            Ossuary (visited)
 Temple: D:4-7

Altars:
Ashenzari
Fedhas
Wu Jian
Xom

Shops:
D:4 *

Annotations:
D:4 1 runed translucent door, Crazy Yiuf
D:6 2 transporters, qw's ghost, novice GrFi


Message History

Enter note:
Enter note: An ogre is nearby!
3473 ||| UPGRADING to +0 kite shield.
You stop removing your armour.
The goblin shouts!
3476 ||| Stepping ~*~*~tactically~*~*~ (hiding).
Found a potion of heal wounds.
Enter note:
Enter note:
3477 ||| Stepping ~*~*~tactically~*~*~ (hiding).
3478 ||| Stepping ~*~*~tactically~*~*~ (hiding).
The ogre completely misses you.
You hit the ogre. You freeze the ogre.
The ogre is lightly wounded.
You barely miss the ogre.
The ogre is lightly wounded.
You closely miss the goblin.
The ogre hits you with a +0 giant spiked club!
The goblin hits you but does no damage.
You slash the ogre! You freeze the ogre.
The ogre is severely wounded.
You hit the goblin but do no damage.
The ogre hits you with a +0 giant spiked club!
The goblin hits you but does no damage.
You barely miss the ogre.
The ogre is severely wounded.
You slash the goblin! You freeze the goblin.
You kill the goblin!
The ogre hits you with a +0 giant spiked club.
You hit the ogre. You freeze the ogre.
The ogre is almost dead.
You hit the ogre. You freeze the ogre.
The ogre is almost dead.
The ogre hits you with a +0 giant spiked club!
3487 ||| READING scroll of teleportation.
As you read the scroll of teleportation, it crumbles to dust.
You feel strangely unstable.
The ogre hits you with a +0 giant spiked club!
You die...

##### !.... ############
.....
######..........###..###.
......%..>......@O$..#?#.
######...........)####+##
###...............#
.......##.###'##..#
.......##.# #.##.(#
.......##.# #####.#
.......##.# #.#
###....##.# #.# #
#######.# #..


You could see an ogre.

Vanquished Creatures
  Eustachio (D:4)
  Menkaure (D:4)
  A sky beast (D:6)
  An ogre (D:6)
  2 centaurs (D:6)
  An elf zombie (Ossuary)
  3 scorpions
  A centaur zombie (Ossuary)
  2 human zombies (Ossuary)
  An iguana (D:6)
  An orc wizard (D:3)
  A hound zombie (Ossuary)
  3 mummies (Ossuary)
  7 gnolls
  4 adders
  2 river rats (D:3)
  2 adder zombies (Ossuary)
  7 worms
  A dart slug (D:4)
  4 orcs (D:3)
  7 bats
  5 endoplasms
  A giant cockroach (D:4)
  2 gnoll zombies (Ossuary)
  8 goblins
  8 hobgoblins
  3 jackals (D:3)
  7 kobolds
  2 quokkas
  8 ball pythons
  4 frilled lizards
  3 goblin zombies (Ossuary)
  3 hobgoblin zombies (Ossuary)
  3 jackal zombies (Ossuary)
  2 kobold zombies (Ossuary)
  2 orc zombies (Ossuary)
  5 quokka zombies (Ossuary)
  8 rats
  4 rat zombies (Ossuary)
131 creatures vanquished.

Notes
Turn   | Place    | Note
-------+----------+-------------------------------------------
     0 | D:1      | qw the Gargoyle Fighter began the quest for the Orb.
     0 | D:1      | Reached XP level 1. HP: 14/14 MP: 1/1
     0 | D:1      | 0 ||| qw: Version: 0.2-a-101-gf8a7cd0
     0 | D:1      | 0 ||| qw: Game counter: 256
     0 | D:1      | 0 ||| qw: Always use a shield: true
     0 | D:1      | 0 ||| qw: God list: Okawaru
     0 | D:1      | 0 ||| qw: Allow faded altars: false
     0 | D:1      | 0 ||| qw: Do Orc after D:15 true
     0 | D:1      | 0 ||| qw: Do second Lair branch before Depths: true
     0 | D:1      | 0 ||| qw: Lair rune preference: random
     0 | D:1      | 0 ||| qw: Plans: Normal, Zot:1-4, Slime:5, God:TSO, Crypt,
                  | Tomb, Pan, Hells, Abyss, Win
     0 | D:1      | 0 ||| PLANNING D:1-11
    46 | D:1      | Reached skill level 2 in Axes
   102 | D:1      | 102 ||| DROPPING +0 club.
   104 | D:1      | 104 ||| Stepping ~*~*~tactically~*~*~ (hiding).
   105 | D:1      | 105 ||| Stepping ~*~*~tactically~*~*~ (hiding).
   107 | D:1      | 107 ||| Stepping ~*~*~tactically~*~*~ (hiding).
   128 | D:1      | 128 ||| Stepping ~*~*~tactically~*~*~ (stealth).
   153 | D:1      | Reached XP level 2. HP: 19/19 MP: 2/2
   305 | D:1      | 305 ||| Stepping ~*~*~tactically~*~*~ (stealth).
   307 | D:1      | 307 ||| Stepping ~*~*~tactically~*~*~ (stealth).
   325 | D:1      | 325 ||| FLEEEEING.
   328 | D:1      | 328 ||| Stepping ~*~*~tactically~*~*~ (stealth).
   407 | D:1      | Reached skill level 3 in Axes
   475 | D:1      | Reached XP level 3. HP: 23/23 MP: 3/3
   561 | D:1      | 561 ||| UPGRADING to ring of protection from cold.
   562 | D:1      | 562 ||| DROPPING ring of flight.
   563 | D:1      | 563 ||| READING 2 scrolls labelled CIPNENUISA.
   568 | D:1      | 568 ||| READING scroll labelled BAIFFY ZOREOH.
   569 | D:1      | 569 ||| READING scroll labelled TEESOTO FUGG.
   728 | D:2      | 728 ||| DROPPING +0 whip.
   735 | D:2      | Reached XP level 4. HP: 28/28 MP: 4/4
   849 | D:2      | Reached skill level 4 in Axes
  1073 | D:2      | 1073 ||| UPGRADING to +1 helmet.
  1078 | D:2      | 1078 ||| UPGRADING to +0 chain mail.
  1088 | D:2      | 1088 ||| DROPPING +0 scale mail.
  1089 | D:2      | 1089 ||| READING scroll labelled XICKUOHUJI.
  1090 | D:2      | 1090 ||| READING scroll labelled GEMOCK TIAMANT.
  1108 | D:3      | 1108 ||| PLANNING SEWER
  1348 | D:3      | Found a blossoming altar of Fedhas.
  1357 | D:3      | 1357 ||| Stepping ~*~*~tactically~*~*~ (stealth).
  1371 | D:3      | Reached XP level 5. HP: 32/32 MP: 5/5
  1388 | D:3      | 1388 ||| Stepping ~*~*~tactically~*~*~ (stealth).
  1389 | D:3      | 1389 ||| Stepping ~*~*~tactically~*~*~ (stealth).
  1390 | D:3      | 1390 ||| Stepping ~*~*~tactically~*~*~ (stealth).
  1392 | D:3      | 1392 ||| Stepping ~*~*~tactically~*~*~ (stealth).
  1425 | D:3      | 1425 ||| Stepping ~*~*~tactically~*~*~ (stealth).
  1427 | D:3      | 1427 ||| Stepping ~*~*~tactically~*~*~ (stealth).
  1429 | D:3      | 1429 ||| Stepping ~*~*~tactically~*~*~ (stealth).
  1431 | D:3      | 1431 ||| Stepping ~*~*~tactically~*~*~ (stealth).
  1443 | D:3      | 1443 ||| Stepping ~*~*~tactically~*~*~ (stealth).
  1464 | D:3      | 1464 ||| DROPPING +2 antimagic whip.
  1466 | D:3      | 1466 ||| Stepping ~*~*~tactically~*~*~ (stealth).
  1503 | D:3      | 1503 ||| DROPPING +0 flail.
  1504 | D:3      | Found a faded altar of an unknown god.
  1696 | D:3      | Reached skill level 5 in Axes
  1704 | D:3      | Found an ornate altar of the Wu Jian Council.
  1812 | D:3      | 1812 ||| FLEEEEING.
  1813 | D:3      | 1813 ||| FLEEEEING.
  1814 | D:3      | 1814 ||| FLEEEEING.
  1815 | D:3      | 1815 ||| FLEEEEING.
  1816 | D:3      | 1816 ||| RIP SEWER
  1817 | D:3      | 1817 ||| PLANNING D:1-11
  2097 | D:3      | 2097 ||| UPGRADING to +0 pair of boots.
  2102 | D:3      | 2102 ||| DROPPING ring of ice.
  2103 | D:3      | 2103 ||| UPGRADING to ring of protection from cold.
  2104 | D:3      | 2104 ||| DROPPING ring of wizardry.
  2105 | D:3      | 2105 ||| READING scroll labelled NODDEJ NUFA.
  2106 | D:3      | 2106 ||| DRINKING 2 red potions.
  2107 | D:3      | 2107 ||| DRINKING 2 purple potions.
  2108 | D:3      | 2108 ||| READING 2 scrolls of identify.
  2108 | D:3      | 2108 ||| IDENTIFYING fizzy white potion
  2109 | D:3      | 2109 ||| DROPPING potion of flight.
  2140 | D:4      | You are sucked into a shaft and drop 2 floors!
  2143 | D:6      | Found a sand-covered staircase.
  2144 | D:6      | 2144 ||| PLANNING OSSUARY
  2148 | Ossuary  | Entered an ossuary
  2201 | Ossuary  | Reached XP level 6. HP: 35/38 MP: 6/6
  2570 | Ossuary  | Reached skill level 6 in Axes
  2647 | Ossuary  | Reached XP level 7. HP: 43/43 MP: 7/7
  2685 | Ossuary  | 2685 ||| READING scroll labelled NUMYSM CUMIGE.
  2686 | Ossuary  | 2686 ||| DRINKING 3 fizzy inky potions.
  2722 | Ossuary  | 2722 ||| READING 2 scrolls of identify.
  2722 | Ossuary  | 2722 ||| IDENTIFYING silvery potion
  2723 | Ossuary  | 2723 ||| DROPPING potion of magic.
  2734 | D:6      | 2734 ||| PLANNING D:1-11
  2800 | D:6      | Found a shimmering altar of Xom.
  2803 | D:6      | HP: 9/43 [centaur (3)]
  2804 | D:6      | 2804 ||| READING 2 scrolls of teleportation.
  2805 | D:6      | 2805 ||| DRINKING potion of heal wounds.
  2809 | D:6      | Reached skill level 7 in Axes
  2863 | D:6      | Reached XP level 8. HP: 29/49 MP: 8/8
  2948 | D:6      | 2948 ||| Stepping ~*~*~tactically~*~*~ (stealth).
  2995 | D:6      | Found a transporter.
  3008 | D:6      | Found a transporter.
  3012 | D:6      | Noticed qw's ghost (novice GrFi)
  3029 | D:6      | 3029 ||| UPGRADING to amulet of the acrobat.
  3034 | D:6      | 3034 ||| READING scroll labelled IMENGE JUMOGA.
  3035 | D:6      | 3035 ||| DRINKING 3 bubbling cyan potions.
  3036 | D:6      | 3036 ||| READING 2 scrolls of identify.
  3036 | D:6      | 3036 ||| IDENTIFYING viscous coppery potion
  3046 | D:5      | Entered Level 5 of the Dungeon
  3074 | D:5      | Found a broken altar of Ashenzari.
  3206 | D:5      | 3206 ||| Stepping ~*~*~tactically~*~*~ (hiding).
  3228 | D:5      | 3228 ||| FLEEEEING.
  3231 | D:5      | 3231 ||| STAIRDANCE
  3284 | D:4      | Found a runed translucent door.
  3285 | D:4      | Noticed Crazy Yiuf
  3350 | D:4      | Noticed Eustachio
  3364 | D:4      | Killed Eustachio
  3365 | D:4      | Reached skill level 8 in Axes
  3372 | D:4      | Found Keblae Aguiph's Assorted Antiques.
  3386 | D:4      | 3386 ||| BUYING fuming silvery potion (21 gold).
  3386 | D:4      | Bought a fuming silvery potion for 21 gold pieces
  3386 | D:4      | 3386 ||| BUYING kite shield (108 gold).
  3386 | D:4      | Bought a kite shield for 108 gold pieces
  3386 | D:4      | 3386 ||| BUYING scroll labelled HIMA DAGHAMORI (24 gold).
  3386 | D:4      | Bought a scroll labelled HIMA DAGHAMORI for 24 gold pieces
  3386 | D:4      | 3386 ||| BUYING scroll of identify (48 gold).
  3386 | D:4      | Bought a scroll of identify for 48 gold pieces
  3412 | D:4      | Noticed Menkaure
  3413 | D:4      | 3413 ||| FLEEEEING.
  3414 | D:4      | 3414 ||| FLEEEEING.
  3435 | D:4      | Killed Menkaure
  3473 | D:4      | 3473 ||| UPGRADING to +0 kite shield.
  3476 | D:4      | 3476 ||| Stepping ~*~*~tactically~*~*~ (hiding).
  3477 | D:4      | 3477 ||| Stepping ~*~*~tactically~*~*~ (hiding).
  3478 | D:4      | 3478 ||| Stepping ~*~*~tactically~*~*~ (hiding).
  3486 | D:4      | HP: 10/49 [ogre/+0 giant spiked club (13)]
  3487 | D:4      | 3487 ||| READING scroll of teleportation.
  3487 | D:4      | Slain by an ogre

Levels and vault maps discovered:
D:1:      lordsloth_arrival_two_stooges, layout_rooms, st_stairs_14
D:2:      layout_rooms
D:3:      layout_basic, pdpol_wu_jian_five_deadly_venoms,
          mainiacjoe_overflow_small_starburst, lightli_sewer_entry_pipes,
          dreamdust_ecumenical_altar_grove
D:4:      layout_basic, kennysheep_ying_yang, nicolae_uskayaw_en_pointe,
          slow_altar_1, serial_shops, nicolae_shop_window_shopping,
          abandoned_shop, grunt_tough_drop, uniq_menkaure,
          uniq_crazy_yiuf_cottage, uniq_sigmund, uniq_eustachio
D:5:      layout_loops_cross, amcnicky_altar_gilded,
          nicolae_hepliaklqana_hazy_memory, kennysheep_mini_moat,
          nicolae_overflow_crystal_walls
D:6:      layout_rooms, lemuel_doored_altar, gammafunk_ghost_stat_death,
          nicolae_ossuary_entry_ruins, minivault_24

Skill      XL: |  1  2  3  4  5  6  7  8 |
---------------+-------------------------+-----
Axes           | 2 3 4 5 6 7 8 |  8.0
Fighting       | 4 5 |  5.3
Dodging        | 2 |  2.0
Armour         | 4 |  4.3
Shields        | |  3.2

Action                     |  1- 3 |  4- 6 |  7- 9 || total
---------------------------+-------+-------+-------++-------
  Melee: War axe           |   101 |   306 |    94 ||   501
    Use: Scroll            |     3 |     4 |     6 ||    13
         Potion            |       |     2 |     3 ||     5
 Armour: Scale mail        |    44 |    22 |       ||    66
         Chain mail        |       |   152 |    54 ||   206
  Dodge: Dodged            |    36 |    91 |    49 ||   176
  Block: Buckler           |    15 |    47 |    22 ||    84

Table legend:
 A = Non-vault XP
 B = Vault XP
 C = Vault XP percentage of total XP
 D = Non-vault monster count
 E = Vault monster count
 F = Vault count percentage of total count
                 A         B        C        D         E       F
            +---------+---------+-------+---------+---------+-------
      Total |    1077 |     770 |  41.7 |      87 |      44 |  33.6
            +---------+---------+-------+---------+---------+-------
        D:1 |      34 |       1 |   2.9 |      23 |       1 |   4.2
        D:2 |      72 |       0 |   0.0 |      19 |       0 |   0.0
        D:3 |     126 |      60 |  32.3 |      27 |       7 |  20.6
        D:4 |     102 |     363 |  78.1 |       7 |       2 |  22.2
        D:5 |     138 |       0 |   0.0 |       5 |       0 |   0.0
        D:6 |     605 |       0 |   0.0 |       6 |       0 |   0.0
    Ossuary |       0 |     346 | 100.0 |       0 |      34 | 100.0
            +---------+---------+-------+---------+---------+-------
